Cogmind - Beta 14 @@@ ROGUE MODE // 2024.11.19 @ 12:33:42 Player: Tereza Result: Destroyed by Y-54 Guardian with Gatling Laser Performance ------------- Evolutions (0) 0 Regions Visited (4) 800 Robots Destroyed (38) 190 Value Destroyed (966) 966 Prototype IDs (0) 0 Alien Tech Used (0) 0 Bonus (0) 0 TOTAL SCORE: 1956 Bonus ------- None Cogmind --------- Core Integrity 0/250 Matter 279/300 Energy 263/275 System Corruption 0% Temperature Cool (25) Movement Rolling (130) Ox2 Location -7/Recycling Parts ------- > --- POWER (1) -------- Deuterium Engine > --- PROPULSION (2) --- Armored Treads Compact Wheel > --- UTILITY (2) ------ Large Storage Unit Salvage Targeting Computer > --- WEAPON (2) ------- Particle Gun Rocket Launcher > --- INVENTORY (15) --- Light Ion Engine Light Treads Spiked Treads Spiked Treads Wheel Cooling System Cooling System EM Shotgun Assault Rifle Light Assault Rifle Light Assault Rifle Flak Gun Improved Grenade Launcher Datajack Plasma Cutter Peak State ------------ > --- POWER ------------ Deuterium Engine > --- PROPULSION ------- Armored Treads Compact Wheel > --- UTILITY ---------- Large Storage Unit Salvage Targeting Computer > --- WEAPON ----------- Particle Gun Rocket Launcher > --- INVENTORY -------- Light Ion Engine Light Treads Spiked Treads Spiked Treads Wheel Cooling System Cooling System EM Shotgun Assault Rifle Light Assault Rifle Light Assault Rifle Flak Gun Improved Grenade Launcher Datajack Plasma Cutter [Rating: 16] Favorites ----------- Power Deuterium Engine Engine Deuterium Engine Power Core Light Nuclear Core Propulsion Compact Wheel Treads Armored Treads Leg Aluminum Leg Wheel Compact Wheel Utility Large Storage Unit Device Improved Heat Sink Storage Large Storage Unit Processor Salvage Targeting Computer Weapon Light Assault Rifle Energy Gun Particle Gun Ballistic Gun Light Assault Rifle Launcher Rocket Launcher Build | -11 -10 -10 -10 -7 ------- Run | Yrd Mat Min Sub Rec Slots Evolved . | . . . . . Power . | . . . . . Propulsion . | . . . . . Utility . | . . . . . Weapon . | . . . . . Parts Attached 30 | 7 11 9 2 1 Power 7 | 1 3 3 . . Engine 4 | 1 . 3 . . Core 3 | . 3 . . . Reactor . | . . . . . Propulsion 8 | 2 3 3 . . Treads 5 | 2 1 2 . . Leg 1 | . 1 . . . Wheel 2 | . 1 1 . . Hover . | . . . . . Flight . | . . . . . Utility 6 | 1 4 1 . . Device 3 | . 3 . . . Storage 2 | 1 1 . . . Processor 1 | . . 1 . . Hackware . | . . . . . Protection . | . . . . . Artifact . | . . . . . Weapon 9 | 3 1 2 2 1 Energy Gun 3 | 1 . 1 . 1 Energy Cannon . | . . . . . Ballistic Gun 5 | 2 1 1 1 . Ballistic Cannon . | . . . . . Launcher 1 | . . . 1 . Special Weapon . | . . . . . Impact Weapon . | . . . . . Slashing Weapon . | . . . . . Piercing Weapon . | . . . . . Special Melee Weapon . | . . . . . Unidentified Prototypes . | . . . . . Parts Lost 9 | . 5 4 . . Power 3 | . 2 1 . . Propulsion 3 | . 2 1 . . Utility 1 | . . 1 . . Weapon 2 | . 1 1 . . Highest Loss Streak 4 | . 4 2 . . To Critical Strikes . | . . . . . Average Slot Usage (%) 97 | . 95 97 100 100 Engine 10 | . 3 12 14 14 Core 2 | . 9 . . . Treads 14 | . 15 14 14 14 Leg 1 | . 5 . . . Wheel 11 | . 6 13 14 14 Device 5 | . 10 6 . . Storage 14 | . 14 14 14 14 Processor 7 | . . 6 14 14 Energy Gun 4 | . . 5 12 . Ballistic Gun 20 | . 28 22 14 14 Launcher 2 | . . . 1 14 Peak Build Rating 16 | 6 13 15 15 16 Average Rating 12 | 4 10 12 15 15 On Entrance 8 | . 6 8 15 15 Naked Turns . | . . . . . Heaviest Build 34 | 13 28 33 34 34 Greatest Support 40 | 40 40 20 16 16 Greatest Overweight (x) 2 | . 1 2 2 2 Average Overweight (x) 1 | . . 1 2 2 Largest Inventory Capacity 15 | 8 15 15 15 15 Average Capacity 13 | 7 10 15 15 15 Most Carried 15 | 6 15 15 15 15 Average Carried 13 | 4 10 14 15 15 Final Capacity 15 | 8 15 15 15 15 Final Carried 15 | 6 15 15 15 15 Class Distribution -------------------- 100% | Mutant Dominant Class ---------------- Mutant | -10/Materials Mutant | -10/Mines Mutant | -10/Subcaves Mutant | -7/Recycling Resources | -11 -10 -10 -10 -7 ----------- Run | Yrd Mat Min Sub Rec Matter Collected 917 | 223 403 147 3 141 Remotely . | . . . . . Salvage Created 1306 | . 934 303 69 . Parts 81 | . 57 12 12 . Haulers Intercepted 2 | . 2 . . . Recyclers Shooed 1 | . 1 . . . Parts Field Recycled . | . . . . . Retrieved Matter . | . . . . . Parts Self-Destructed 4 | . . . 4 . Prevented . | . . . . . Kills | -11 -10 -10 -10 -7 ------- Run | Yrd Mat Min Sub Rec Combat Hostiles Destroyed 33 | . 18 10 5 . Guns 30 | . 18 10 2 . AOE 3 | . . . 3 . Classes Destroyed 8 | . 5 1 2 . Hauler 2 | . 2 . . . Operator 1 | . 1 . . . Turret 2 | . . . 2 . Watcher 3 | . 3 . . . Swarmer 10 | . 3 3 4 . Grunt 19 | . 15 4 . . Subdweller 1 | . . . 1 . Assembled 3 | . . 3 . . Best Kill Streak 6 | . 4 3 6 . Combat Bots Only 4 | . 4 3 4 . Max Kills in Single Turn 2 | . 1 1 2 . Gunslinging . | . . . . . Exploded 2 | . . . 2 . Melee . | . . . . . Uniques/NPCs Destroyed . | . . . . . Combat | -11 -10 -10 -10 -7 -------- Run | Yrd Mat Min Sub Rec Hostile Shots Fired 233 | . 94 57 79 3 Missed 78 | . 29 11 37 1 Damage Taken 1750 | . 756 674 298 22 Core 260 | . 61 113 74 12 Absorbed by Shields . | . . . . . Core Remaining (%) 100 | 100 . . . . Volleys Fired 157 | . 101 41 14 1 Largest 2 | . 2 2 2 2 Hottest 98 | . 40 85 85 98 Shots Fired 301 | . 189 82 28 2 Gun 290 | . 189 82 18 1 Cannon . | . . . . . Launcher 11 | . . . 10 1 Special . | . . . . . Kinetic 280 | . 189 77 14 . Thermal 10 | . . 5 4 1 Explosive 11 | . . . 10 1 Electromagnetic . | . . . . . Robot Hit Streak 12 | . 12 9 6 3 Robot Miss Streak 4 | . 4 4 2 . Penetration Max . | . . . . . Secondary Targets 7 | . 3 3 1 . Max Gunslinging Chain 1 | . 1 1 1 . Shots Hit Robots 187 | . 115 54 16 2 Core Hits 86 | . 46 28 11 1 Critical Kills . | . . . . . Critical Parts Destroyed 1 | . 1 . . . Critical Strikes 1 | . 1 . . . Destroy 1 | . 1 . . . Melee Attacks . | . . . . . Impact . | . . . . . Slashing . | . . . . . Piercing . | . . . . . Sneak Attacks . | . . . . . Combat Hostiles . | . . . . . Follow-up Attacks . | . . . . . Damage Inflicted 2059 | . 1071 447 504 37 Guns 1607 | . 1057 447 88 15 Cannons . | . . . . . Explosions 438 | . . . 416 22 Melee . | . . . . . Ramming 14 | . 14 . . . Kinetic 1524 | . 1057 414 53 . Thermal 83 | . . 33 35 15 Explosive 438 | . . . 416 22 Electromagnetic . | . . . . . Impact . | . . . . . Slashing . | . . . . . Piercing . | . . . . . Highest Corruption . | . . . . . Average Corruption . | . . . . . Corruption Purged . | . . . . . Corruption Blocked . | . . . . . Overload Shots . | . . . . . Overflow Damage 3 | . . . 3 . Projectiles . | . . . . . Explosions 3 | . . . 3 . Melee . | . . . . . Knockbacks . | . . . . . Impact . | . . . . . Kinetic . | . . . . . Secondary . | . . . . . Self-Inflicted Damage 34 | . 6 . 28 . Shots 1 | . . . 1 . Rammed 2 | . 2 . . . Targets Rammed 2 | . 2 . . . Kicked . | . . . . . Crushed . | . . . . . Highest Temperature 100 | . 14 100 17 13 Average Temperature 15 | . 6 20 6 13 Received Heat Transfer 768 | . 375 201 180 12 Siege Activations . | . . . . . Robots Corrupted . | . . . . . Combat Hostiles . | . . . . . Parts Fried . | . . . . . Impact Corruptions . | . . . . . Robots Melted . | . . . . . Combat Hostiles . | . . . . . Parts Melted . | . . . . . Heat Transferred 185 | . . 74 74 37 Parts Sabotaged . | . . . . . Parts Stolen . | . . . . . Parts Stripped . | . . . . . Power Chain Reactions . | . . . . . Alert | -11 -10 -10 -10 -7 ------- Run | Yrd Mat Min Sub Rec Peak Influence 274 | . 274 266 . 138 Initial 106 | . . 106 . 48 Average 117 | . 132 118 . 103 Maximum Alert Level 1 | . 1 1 . . Low Security (%) 73 | 100 64 67 . 100 Level 1 26 | . 35 32 . . Level 2 . | . . . . . Level 3 . | . . . . . Level 4 . | . . . . . Level 5 . | . . . . . High Security . | . . . . . Max Security . | . . . . . Squads Dispatched 6 | . 5 1 . . Investigation 5 | . 4 1 . . Extermination . | . . . . . Reinforcement 1 | . 1 . . . Assault . | . . . . . Garrison . | . . . . . Intercept . | . . . . . Searches Triggered . | . . . . . Construction Impeded . | . . . . . Haulers Reinforced . | . . . . . Active Scanning Responses . | . . . . . Cargo Convoy Interrupts . | . . . . . Stealth | -11 -10 -10 -10 -7 --------- Run | Yrd Mat Min Sub Rec Distress Signals 1 | . 1 . . . Communications Jammed . | . . . . . Distress Signals . | . . . . . Times Spotted 51 | . 32 11 7 1 Peak Tracking Total 6 | . 6 3 6 . Tactical Retreats 7 | . 5 1 1 . Traps | -11 -10 -10 -10 -7 ------- Run | Yrd Mat Min Sub Rec Traps Triggered 3 | . 3 . . . Indirectly . | . . . . . Trap Hack Attempts . | . . . . . Triggered . | . . . . . Disarmed . | . . . . . Reprogrammed . | . . . . . Reused . | . . . . . Traps Extracted . | . . . . . Installed 2 | . . . 2 . Triggered . | . . . . . Machines | -11 -10 -10 -10 -7 ---------- Run | Yrd Mat Min Sub Rec Machines Disabled 4 | . . . 4 . Max in Single Turn 3 | . . . 3 . Machines Repaired . | . . . . . Machines Dismantled . | . . . . . Machines Sabotaged . | . . . . . Overloaded Fab Kills . | . . . . . Hacking | -11 -10 -10 -10 -7 --------- Run | Yrd Mat Min Sub Rec Machines Accessed 14 | . 3 1 3 7 Terminals 7 | . 3 . . 4 Fabricators . | . . . . . Repair Stations . | . . . . . Recycling Units 3 | . . . . 3 Scanalyzers . | . . . . . Garrison Access . | . . . . . Total Hacks 26 | . 9 1 7 9 Successful 16 | . 5 1 7 3 Failed 10 | . 4 . . 6 Catastrophic 3 | . . . . 3 Database Lockouts . | . . . . . Manual 13 | . 6 . . 7 Terminals 14 | . 9 . . 5 Fabricators . | . . . . . Repair Stations . | . . . . . Recycling Units 4 | . . . . 4 Scanalyzers . | . . . . . Garrison Access . | . . . . . Terminal Hacks 13 | . 5 1 7 . Record 5 | . . . 5 . Robot Analysis 3 | . 3 . . . Open Door 2 | . . 1 1 . Hauler Manifests 1 | . 1 . . . Zone Layout 1 | . 1 . . . Release Object 1 | . . . 1 . Fabricator Hacks . | . . . . . Repair Station Hacks . | . . . . . Recycling Unit Hacks . | . . . . . Scanalyzer . | . . . . . Garrison Access Hacks . | . . . . . Unauthorized Hacks 3 | . . . . 3 Terminals . | . . . . . Fabricators . | . . . . . Repair Stations . | . . . . . Recycling Units 3 | . . . . 3 Tunnel 3 | . . . . 3 Scanalyzers . | . . . . . Garrison Access . | . . . . . Data Cores Recovered . | . . . . . Used . | . . . . . Hacking Detections 7 | . 3 . . 4 Full Trace Events 2 | . 1 . . 1 Feedback Events . | . . . . . Feedback Blocked . | . . . . . Robot Schematics Acquired . | . . . . . Robots Built . | . . . . . Authchips . | . . . . . Time . | . . . . . Total Robot Build Rating . | . . . . . Part Schematics Acquired . | . . . . . Parts Built . | . . . . . Authchips . | . . . . . Time . | . . . . . Total Part Build Rating . | . . . . . Parts Repaired . | . . . . . Time . | . . . . . Parts Recycled . | . . . . . Recycled Matter . | . . . . . Retrieved Matter . | . . . . . Retrieved Components . | . . . . . Parts Scanalyzed . | . . . . . Part Schematics Acquired . | . . . . . Parts Damaged . | . . . . . Bothacking | -11 -10 -10 -10 -7 ------------ Run | Yrd Mat Min Sub Rec Used RIF Installer . | . . . . . Robots Hacked . | . . . . . Non-combat . | . . . . . Combat . | . . . . . Robot Hacks Applied . | . . . . . Relay Couplers Released . | . . . . . Fabnet Peak Effective % . | . . . . . Robots Rewired . | . . . . . Allies Hacked . | . . . . . Hacks Repelled . | . . . . . Allies | -11 -10 -10 -10 -7 -------- Run | Yrd Mat Min Sub Rec Total Allies . | . . . . . Largest Group . | . . . . . Highest-Rated Group . | . . . . . Highest-Rated Ally . | . . . . . Total Orders . | . . . . . Ally Attacks . | . . . . . Total Damage . | . . . . . Kills . | . . . . . Allies Corrupted . | . . . . . Allies Melted . | . . . . . Intel | -11 -10 -10 -10 -7 ------- Run | Yrd Mat Min Sub Rec Robot Analysis Total 3 | . 3 . . . Derelict Logs Recovered 2 | . . 1 1 . Drone Launches . | . . . . . Drone Recoveries . | . . . . . Exploration | -11 -10 -10 -10 -7 ------------- Run | Yrd Mat Min Sub Rec Turns Passed 3454 | 80 1071 921 869 513 Spaces Moved 1983 | 43 556 398 631 355 Core 3 | 3 . . . . Treads 293 | 40 238 15 . . Legs . | . . . . . Wheels 1687 | . 318 383 631 355 Hover . | . . . . . Flight . | . . . . . Fastest Speed 50 | 50 100 115 130 130 Average Speed 130 | 152 132 124 130 130 Slowest Speed 250 | 160 160 250 130 130 Overloaded Moves . | . . . . . Propulsion Burnouts . | . . . . . Robots Hopped . | . . . . . Cave-ins Triggered . | . . . . . Exploration Rate (%) 49 | 4 83 79 33 47 Regions Visited 4 Branch Regions 3 Pre-discovered Areas 4 | . . . 1 3 Known Exits Taken 1 | . . . 1 . Unknown Exits Taken 3 | 1 1 1 . . Scrap Searched 1 | . . 1 . . Spaces Dug . | . . . . . Terrain Destroyed 48 | . . . 40 8 Melee . | . . . . . Projectile . | . . . . . AOE 48 | . . . 40 8 Terrain Rammed . | . . . . . Walls Destroyed . | . . . . . Machines Disabled . | . . . . . Actions | -11 -10 -10 -10 -7 --------- Run | Yrd Mat Min Sub Rec Total 2613 | 55 731 764 655 408 Wait 382 | . 32 301 2 47 Move 1979 | 42 555 397 630 355 Hop . | . . . . . Pick Up 36 | 5 18 9 2 2 Fast Attach 12 | 7 5 . . . Attach 8 | . 3 5 . . Detach 1 | 1 . . . . Swap 10 | . 3 4 2 1 Drop 23 | . 12 7 2 2 Fire 157 | . 101 41 14 1 Melee . | . . . . . Ram 1 | . 1 . . . Kick . | . . . . . Crush 1 | . 1 . . . Escape Stasis . | . . . . . Rewire . | . . . . . Trap 2 | . . . 2 . Miscellaneous 1 | . . . 1 . Route ------- -11/Scrapyard -10/Materials (discovered 3 exits: [*Mat x2] / *Min) -10/Mines (discovered 3 exits: [*Mat x2] / *Sub) -10/Subcaves (discovered 2 exits: [*Mat] / *Rec) -7/Recycling History --------- Turn | Location | Event 29 | -11/Scrapyard | Discovered new exit (range 15) 81 | -11/Scrapyard | Entered Materials 310 | -10/Materials | Build established: Mutant 419 | -10/Materials | Discovered new exit (range 10) 664 | -10/Materials | Lost 4 parts (1p2n1w) 745 | -10/Materials | Discovered new exit (range 15) 1009 | -10/Materials | Discovered new exit (range 13) 1152 | -10/Materials | Entered Mines 1324 | -10/Mines | Discovered new exit (range 10) 1338 | -10/Mines | Core integrity fell below 50% 1383 | -10/Mines | Received a Rocket Launcher from a helpful Derelict 1422 | -10/Mines | Met a Derelict shopkeep closing up shop 1556 | -10/Mines | Assembled infested the area 1783 | -10/Mines | Discovered new exit (range 9) 1799 | -10/Mines | Learned location of 1 exit from Materials 2070 | -10/Mines | Discovered new exit (range 3) 2073 | -10/Mines | Entered Subcaves 2205 | -10/Subcaves | Released subatomizers from SUBCON Basin 2416 | -10/Subcaves | Learned location of Zion (-6) 2416 | -10/Subcaves | Met a Zionite searching for "candidates" 2418 | -10/Subcaves | Shifting Twisted Machinery released Sub. Beam Cannon 2419 | -10/Subcaves | Shifting Twisted Machinery released Spk. Treads 2481 | -10/Subcaves | Visited Clippyterm 2485 | -10/Subcaves | Identified exit to Recycling 2580 | -10/Subcaves | Discovered new exit (range 11) 2695 | -10/Subcaves | Learned 2 Materials zone layouts 2876 | -10/Subcaves | Core integrity fell below 20% 2942 | -10/Subcaves | Entered Recycling 3455 | -7/Recycling | Destroyed by Y-54 Guardian with Gatling Laser Last Messages --------------- 02953_ Connecting with Recycling Unit... >>Force(Tunnel) DISCOVERED[-5/Factory] 02965_ Connecting with Recycling Unit... >>Force(Tunnel) DISCOVERED[-3/Research] 02974_ Connecting with Recycling Unit... >>Force(Tunnel) DISCOVERED[-6/Archives] 03009_ Connecting with Terminal... 03110_ Dropped Lgt. Assault Rifle. 03110_ Acquired Flak Gun. 03136_ R-06 Scavenger collects Lgt. Assault Rifle. 03178_ Connecting with Terminal... 03200_ Dropped Assault Rifle. 03200_ Acquired Imp. Grenade Launcher. 03210_ R-06 Scavenger collects Assault Rifle. 03455_ U-05 Engineer lays Concrete. 03455_ Y-54 Guardian springs to life. Map ----- +----------------------------------------------------+ | %% ""#?????????????????????????????????????????? | | % Y"#?????????????????????????????????????????? | | ## ""#?????????????????????????????????????????? | | ?# ###?????????????????????????????????????????? | | ?# #???????????????????????????????????????????? | | ?# #???????????????????????????????????????????? | | ?# #???????????????????????????????????????????? | | ?# #???????????????????????????????????????????? | | ?# #???????????????????????????????????????????? | | ## #???????????????????????????????????????????? | | "" ############ ##?????????????????????????????? | | "Y # ?????????????????????????????? | | "" # ????????????????????????????? | | ## # ????######??????????????????? | | ?# # #???# ??????????????????? | | ?# # +??? ???????????????????? | | ## + #???# u???????????????????? | | "" # #???# ###?????????????????? | | "Y # #???# #?????????????????? | | "" # ????# Y ??????????????????? | | ## # ????# ???????????????????? | | ?# ###############?????# #???????????????????? | | ?# #????#####??????????# #???????????????????? | | ?# #????#"""#?????????## ##??????????????????? | | ?# ######"Y"########### #??????????????????? | | ?# @ #??????????????????? | | ?# #??????????????????? | | ?# #??????????????????? | | ?#########/##### ######## #??????????????????? | | ?????# # #??????#######??????????????????? | | ?????# """ # #????????????#####??????????????? | | ?????# """ "T" # #???########## ##########?????? | | ?????# """ " " # #???# # # #?????? | | ####?# """ # #???#[ # # #?????? | | #?# # #???#[ # # #?????? | | #?# # #???# % # # "" #?????? | | #?# # ##### ! = + + "" #?????? | | # ##?#####/##### + / # # T" #?????? | | # #??#"""# #???# ##### ! # # "" #?????? | | # ####"Y"# ##### #???# ] # / "" #?????? | | # #???# # # #?????? | | # #######???########## ##########?????? | | # #??????????????????# #??????????????? | | # #???#############??# #??????????????? | | # ######## #???# #??# #??????????????? | | # #??????# #???# """ "" #??# ###????????????? | | #+######## #???# """ """ #??# [ #????????????? | | ! # #???# """ T" #??# [[#????????????? | | ! # #???# """ #??# [[#????????????? | | # #???# "" #??# ###????????????? | +----------------------------------------------------+ Best States ------------- Heat Dissipation 39 Energy Generation 14 Energy Capacity 275 Matter Stores 300 Matter Capacity 300 Sight Range 16 Robot Scan Range 14 Terrain Scan Density 10 Evasion (%) 40 Recoil Reduction 2 Salvage Targeting 1 Item Schematics ----------------- None Robot Schematics ------------------ None Fabricated ------------ Nothing Alien Tech Used ----------------- None Achievements -------------- None Challenges ------------ None Game ------ Seed ThunderIntegrityMinigun Manual? 0 Play Time 00:21:02 Cumulative 119.5 hours Start 2024.11.19 @ 12:12:50 End 2024.11.19 @ 12:33:42 Sessions 1 Manual Loads 0 Difficulty Rogue Special Mode None Game No. 145 Rogue 145 Adventurer 0 Explorer 0 Win Type - Total 1 Types 1/0/0/0/0/0/0/0/0 Lore% 65 Gallery% 54 Achievement% 46 Wizard Run 0 Options --------- Layout 1 ASCII 0 Keyboard 1 Movement Numpad Keybinds 0 Fullscreen 1 Font 24/Smallcaps Map View 50x35 Zoom Use 0% Tactical HUD 1 Map Filters NONE Filters NONE Steam 1 RUN: 2e980a75-b6f6-4330-9da5-d2ba1a9a00db